AoeStats
← ElEmaRnR

Arabia

510456333Analyzed
1v1 RM · 18h ago on Oct 1, 2026· 36m 8s· 2 players
Game mode
Random Map
Map size
Tiny (2 player)
Population
200
Speed
Normal
Resources
Standard
Victory
Conquest
Starting age
Dark Age
Ending age
Imperial Age
RankedLock teamsTeams togetherTeam positionsShared explorationLock speedFull tech treeHidden civsTurbo modeCheats
Victory
Defeat
🇦🇷 Bohemians · Argentina
1121
+14
1072
-14
PFK | El Recogedor Birmano
2:27 Loom
9:52 Feudal Age
8:17 Loom
15:29 Fletching
26:12 Castle Age
25:55 Horse Collar
26:08 Gold Mining
28:54 Wheelbarrow
28:04 Town Watch
33:51 Imperial Age
31:40 Forging
31:30 Scale Mail Armor
33:46 Heavy Plow
34:25 Gold Shaft Mining
33:22 Pikeman
34:03 Squires
33:56 Capped Ram
34:32 Halberdier
ElEmaRnR
7:01 Loom
9:51 Feudal Age
10:00 Man-at-Arms
10:52 Double-Bit Axe
13:29 Horse Collar
16:36 Fletching
21:49 Padded Archer Armor
24:54 Castle Age
26:51 Wheelbarrow
26:28 Bow Saw
26:35 Elite Skirmisher
28:26 Ballistics
30:01 Chemistry
29:47 Town Watch
32:29 Hand Cart
32:42 Heavy Plow
Connection lost

Rejoining the realm…

Still unreachable

The connection could not be restored.

Session expired

The server has moved on; the page needs a fresh start.